 Dungeon Crawl Stone Soup version 0.26-a0-639-g72c4674 (webtiles) character file.

Game seed: 14874554877484647844

765 AGayBaby the Chopper (level 7, -4/61 HPs)
             Began as a Minotaur Fighter on Sept 21, 2020.
             Slain by Prince Ribbit (9 damage)
             ... on level 5 of the Dungeon.
             The game lasted 00:10:06 (4324 turns).

AGayBaby the Chopper (Minotaur Fighter)             Turns: 4324, Time: 00:10:07

Health: -4/61      AC:  7    Str: 23      XL:     7   Next: 51%
Magic:  6/6        EV:  9    Int:  5      God:
Gold:   211        SH: 10    Dex: 12 (15) Spells: 6/6 levels left

rFire    . . .     SeeInvis .   a - +0 war axe
rCold    . . .     Faith    .   c - +0 kite shield
rNeg     . . .     Spirit   .   b - +0 scale mail
rPois    .         Reflect  .   (helmet restricted)
rElec    .         Harm     .   x - scarf {+Inv}
rCorr    .         Rampage  .   (no gloves)
MR       .....                  (no boots)
Stlth    +.........             t - amulet of regeneration
HPRegen  0.60/turn              s - +6 ring of dexterity
MPRegen  0.10/turn              k - ring of stealth

@: hasted, very quick
A: retaliatory headbutt, horns 2
a: Evoke Invisibility


You were on level 5 of the Dungeon.
You visited 1 branch of the dungeon, and saw 6 of its levels.

You collected 211 gold pieces.

Inventory:

Hand Weapons
 a - a +0 war axe (weapon)
Missiles
 h - 28 poisoned darts (quivered)
Armour
 b - a +0 scale mail (worn)
 c - a +0 kite shield (worn)
 x - a scarf of invisibility (worn)
Jewellery
 k - a ring of stealth (right hand)
 n - an uncursed ring of positive energy
 s - a +6 ring of dexterity (left hand)
 t - an amulet of regeneration (around neck)
Scrolls
 e - a scroll of enchant armour {unknown}
 f - 3 scrolls of remove curse
 g - 3 scrolls of identify
 j - a scroll of blinking {unknown}
 l - a scroll of noise {unknown}
 q - a scroll of fear {unknown}
 r - a scroll of fog {unknown}
 u - 3 scrolls of magic mapping
 w - a scroll of teleportation {unknown}
Potions
 d - 4 potions of might
 i - a potion of haste
 m - a potion of degeneration {unknown}
 o - 2 potions of heal wounds {unknown}
 p - a potion of curing {unknown}
 v - a potion of brilliance {unknown}


   Skills:
 + Level 5.3 Fighting
 + Level 6.4 Axes
 + Level 0.2 Throwing
 + Level 5.7 Armour
 + Level 2.3 Dodging
 + Level 0.3 Stealth
 + Level 5.6 Shields


You had 6 spell levels left.
You didn't know any spells.
Your spell library contained the following spells:

 Spells                   Type           Power        Failure   Level
 Magic Dart               Conj           #...         99%         1
 Blink                    Tloc           N/A          99%         2
 Call Imp                 Summ           #.......     99%         2
 Slow                     Hex            #.......     99%         2
 Conjure Flame            Conj/Fire      #.......     100%        3
 Mephitic Cloud           Conj/Pois/Air  #.......     100%        3


Dungeon Overview and Level Annotations

Branches:
Dungeon (6/15)
 Temple: D:4-7

Altars:
Ashenzari
Dithmenos
Xom

Annotations:
D:5 Prince Ribbit


Innate Abilities, Weirdness & Mutations

You reflexively headbutt those who attack you in melee.
You have a pair of horns on your head.


Message History

You block Prince Ribbit's attack. Prince Ribbit hits you!
You miss Prince Ribbit.
Prince Ribbit is moderately wounded.
You block Prince Ribbit's attack. Prince Ribbit hits you!
You closely miss Prince Ribbit. Your headbutt misses Prince Ribbit.
Prince Ribbit is moderately wounded.
Prince Ribbit barely misses you. Prince Ribbit hits you!
You barely miss Prince Ribbit.
Prince Ribbit is moderately wounded.
Prince Ribbit hits you but does no damage.
You miss Prince Ribbit.
Prince Ribbit is moderately wounded.
Prince Ribbit hits you!
* * * LOW HITPOINT WARNING * * *
Prince Ribbit barely misses you. You block Prince Ribbit's attack.
Prince Ribbit hits you!
* * * LOW HITPOINT WARNING * * *
It was a potion of haste.
You feel yourself speed up. Prince Ribbit hits you!
You die...

.. #. #. #... #...
###########...
#...........############
#.........#.@F....>....#
#...).....#............#
#.....(...#............#
#.........#............#
#.........#............#
#.........#............#
#.........#............#
###.........#....####+####
#.###.......#....####


You could see Prince Ribbit.

Vanquished Creatures
  Eustachio (D:4)
  A phantom (D:4)
  2 centaurs
  A scorpion (D:4)
  A water moccasin skeleton (D:4)
  A hound (D:4)
  2 orc wizards (D:3)
  2 iguanas
  2 worker ants (D:4)
  3 adders
  A gnoll (D:1)
  An ufetubus (D:4)
  2 oozes
  2 dart slugs (D:1)
  3 leopard geckos
  5 orcs
  3 giant cockroaches
  7 goblins
  5 hobgoblins
  2 ball pythons
  8 bats
  5 frilled lizards
  10 kobolds
  3 rats
73 creatures vanquished.

Notes
Turn   | Place    | Note
-------+----------+-------------------------------------------
     0 | D:1      | AGayBaby the Minotaur Fighter began the quest for the Orb.
     0 | D:1      | Reached XP level 1. HP: 19/19 MP: 0/0
   170 | D:1      | Reached XP level 2. HP: 22/27 MP: 1/1
   329 | D:1      | Reached XP level 3. HP: 31/33 MP: 2/2
   719 | D:2      | Reached skill level 3 in Axes
  1062 | D:2      | Reached XP level 4. HP: 40/40 MP: 3/3
  1225 | D:3      | Noticed a centaur
  1236 | D:3      | Killed a centaur
  1236 | D:3      | Reached skill level 4 in Axes
  1236 | D:3      | Reached XP level 5. HP: 5/47 MP: 4/4
  1588 | D:3      | Found a shattered altar of Ashenzari.
  1738 | D:3      | Found a shadowy altar of Dithmenos.
  1740 | D:3      | Found a shimmering altar of Xom.
  1740 | D:3      | Found an ancient bone altar of Kikubaaqudgha.
  1742 | D:3      | Found a shadowy altar of Dithmenos.
  1742 | D:3      | Found a burning altar of Makhleb.
  1742 | D:3      | Found a radiant altar of Vehumet.
  1797 | D:3      | Reached skill level 1 in Dodging
  2623 | D:4      | Reached skill level 5 in Shields
  2623 | D:4      | Reached XP level 6. HP: 47/53 MP: 5/5
  2664 | D:4      | Found a shadowy altar of Dithmenos.
  2704 | D:4      | Reached skill level 5 in Armour
  2754 | D:5      | Entered Level 5 of the Dungeon
  2843 | D:4      | Reached skill level 5 in Axes
  3115 | D:4      | Reached XP level 7. HP: 46/60 MP: 6/6
  3499 | D:4      | Reached skill level 5 in Fighting
  3625 | D:4      | Noticed Eustachio
  3651 | D:4      | HP: 2/61 [white imp/puff of frost[Eustachio] (5)]
  3971 | D:4      | Killed Eustachio
  3971 | D:4      | Reached skill level 6 in Axes
  4308 | D:6      | Noticed Prince Ribbit
  4321 | D:5      | HP: 3/61 [Prince Ribbit (16)]
  4324 | D:5      | Slain by Prince Ribbit

Illustrated notes

Levels and vault maps discovered:
D:1:      lightli_arrival_statue_moat, layout_loops_ring
D:2:      layout_rooms
D:3:      layout_loops_ring, ashenzari_altar_1, hangedman_decor_clover_reticule,
          doesnt_xom_only_xom
D:4:      minmay_chambers_of_fours, layout_loops_ring,
          nicolae_dithmenos_shadow_blocks, minmay_misc_feat_cross,
          uniq_eustachio
D:5:      layout_gridville, eat_drink_and_be_merry_uskayaw,
          minmay_temple_entry_tees
D:6:      layout_rooms, elyvilon_altar_3, uniq_pikel, uniq_prince_ribbit1,
          uniq_edmund

Skill      XL: |  1  2  3  4  5  6  7 |
---------------+----------------------+-----
Fighting       | 4 5 |  5.3
Armour         | 4 5 |  5.7
Shields        | 4 5 |  5.6
Axes           | 3 4 5 6 |  6.4
Dodging        | 1 2 |  2.3
Throwing       | |  0.2
Stealth        | |  0.3

Action                   |  1- 3 |  4- 6 |  7- 9 || total
-------------------------+-------+-------+-------++-------
Melee: War axe           |    75 |    90 |    62 ||   227
       Headbutt          |    13 |    11 |     3 ||    27
Throw: Dart              |       |     3 |       ||     3
  Use: Scroll            |       |       |     7 ||     7
       Potion            |       |       |     1 ||     1
Armor: Scale mail        |    29 |    48 |    40 ||   117
Dodge: Dodged            |    26 |    38 |    22 ||    86
Block: Kite shield       |    57 |    65 |    62 ||   184

Table legend: (Time is in decaauts)
 A = Elapsed time spent in this place.
 B = Non-inter-level travel time spent in this place.
 C = Inter-level travel time spent in this place.
 D = Time resting spent in this place.
 E = Time spent auto-exploring this place.
 F = Levels seen in this place.
 G = Mean time per level.
                   A        B        C        D        E       F      G
               +--------+--------+--------+--------+--------+-----+--------+
         Total |   4419 |   4339 |     80 |      0 |   3187 |   6 |  736.5 |
       Dungeon |   4419 |   4339 |     80 |      0 |   3187 |   6 |  736.5 |
               +--------+--------+--------+--------+--------+-----+--------+

Top non-repeatable levels by time:
     D:3: 1686 daAuts
     D:4: 1421 daAuts
     D:1: 725 daAuts
     D:2: 473 daAuts
     D:5: 109 daAuts
     D:6: 1 daAuts
